Unix xNetHack Version 8.0.0 - last build Jan 14 2024 16:46:22 (be4d3c81716514284228e1a23197c27ddb32b841). Game began 2024-03-13 18:17:52, ended 2024-03-17 12:25:05. nihil, lawful female dwarven Valkyrie ...... ...).%..- ..<.....-- ..f@..... G......G.. --. -... --.- --- Nihil the Skirmisher St:14 Dx:14 Co:18 In:14 Wi:9 Ch:8 Lawful S:1469 Dlvl:7 $:477 HP:0(56) Pw:9(9) AC:2 Xp:5/168 T:2844 Weak Latest messages: "Velkommen, nihil! Welcome again to Holmavik's general store!" You stop. Holmavik is in the way! You see here a stone crossbow (for sale, 67 zorkmids). What do you want to drop? [$a-ceg-lnoqs-wyzABD-R or ?*] ? You drop an uncursed corroded +0 Uruk-hai shield {50}. Holmavik offers 4 gold pieces for your Uruk-hai shield. Sell it? [ynaq] (n) y You sold an uncursed corroded +0 Uruk-hai shield for 4 gold pieces. You stop. Holmavik is in the way! You see here a scroll labeled FOOBIE BLETCH (for sale, 133 zorkmids). You hear the chime of a cash register. You are beginning to feel hungry. You descend the stairs. With great effort you move the boulder. You descend the stairs. Mewmew bites! You miss Mewmew. Mewmew bites! Mewmew bites! You miss Mewmew. Mewmew misses! Mewmew bites! You gore Mewmew! Mewmew just misses! You miss Mewmew. Mewmew misses! You impale Mewmew. Mewmew bites! You miss Mewmew. Mewmew bites! You pierce Mewmew! Mewmew bites! You pierce Mewmew! Mewmew turns to flee. You hear crashing rock. Mewmew just misses! You hit Mewmew. Mewmew bites! Valkyrie needs food, badly! You gore Mewmew! Mewmew bites! You jab Mewmew! Mewmew bites! You miss Mewmew. Mewmew bites! You die... Do you want your possessions identified? [ynq] (y) y Do you want to see your attributes? [ynq] (y) n Do you want an account of creatures vanquished? [ynaq] (y) n Do you want to see your conduct and achievements? [ynq] (y) n Do you want to see the dungeon overview? [ynq] (y) n Inventory: Inventory: 552/850 weight (36/52 slots) Coins $ - 477 gold pieces {5} Weapons g - 9 +0 arrows {9} G - 9 poisoned +0 orcish arrows {9} H - a +0 orcish bow {30} b - a +0 dagger (at the ready) {10} a - a +1 dwarvish spear (weapon in hand) {35} k - 2 +0 orcish daggers {20} Armor I - an uncursed +1 orcish helm (being worn) {23} J - an uncursed +0 pair of dwarvish boots (being worn) {38} c - an uncursed +3 small shield (being worn) {23} Comestibles L - an uncursed carrot {2} F - an uncursed food ration {20} M - 2 uncursed pancakes {4} u - 2 uncursed tins of candied giant rat meat {20} Scrolls A - an uncursed scroll of confuse monster {5} y - a blessed scroll of enchant armor {5} q - 2 uncursed scrolls of enchant armor {10} v - an uncursed scroll of light {5} i - a cursed scroll of light {5} Potions w - an uncursed potion of fruit juice {20} z - an uncursed potion of gain ability {20} s - 2 uncursed potions of healing {40} E - a cursed potion of healing {20} n - a cursed potion of object detection {20} D - a potion of holy water {20} l - an uncursed potion of water {20} Wands j - a wand of light (0:11) {7} t - a wand of lightning (0:6) {7} e - a wand of make invisible (0:4) {7} Tools o - an empty uncursed bag of holding {15} N - a frost horn (0:6) {18} O - an uncursed skeleton key {3} B - an uncursed stethoscope {4} h - an uncursed metal figurine of an ape {50} Gems/Stones P - an uncursed worthless piece of blue glass {1} Q - an uncursed worthless piece of white glass {1} R - an uncursed worthless piece of yellowish brown glass {1} Nihil the Valkyrie's attributes: Background: You were a Skirmisher, a level 5 dwarven Valkyrie. You were lawful, on a mission for Tyr who was opposed by Odin (neutral) and Loki (chaotic). You were heterosexual. You were in the Gnomish Mines, on level 7. You entered the dungeon 2844 turns ago. You had 168 experience points, 152 more were needed to attain level 6. Your score was 1469 before end-of-game adjustments. Basics: You had 0 out of 56 hit points. You had all 9 energy points (spell power). Your armor class was 2. Your wallet contained 477 zorkmids. Autopickup was off. Final Characteristics: Your strength was 14 (base:15, peak:16, limit:18/100). Your dexterity was 14 (limit:20). Your constitution was 18 (limit:20). Your intelligence was 14 (limit:16). Your wisdom was 9 (limit:16). Your charisma was 8 (limit:16). Final Status: You were weak from severe hunger. You were unencumbered. You were wielding a spear. You had basic skill with spear. Final Attributes: You were piously aligned. You were cold resistant. You had infravision. You were stealthy. You are dead. Miscellaneous: You encountered 1 bones level. Total elapsed playing time was 29 minutes and 1 second. Major events: Turn 1: nihil the lawful dwarven Valkyrie entered the dungeon 773: entered the Gnomish Mines 856: attained the rank of Skirmisher (level 3) 2844: killed by a large cat called Mewmew Vanquished creatures: a chameleon an Uruk-hai a rock mole 2 little dogs a floating eye a giant bat 2 iguanas a large kobold a hobgoblin 2 giant rats a garter snake 3 geckos 4 jackals a fox 3 goblins a sewer rat 4 grid bugs a bat 4 lichens 3 kobold zombies 2 newts 40 creatures vanquished. No species were genocided or became extinct. Voluntary challenges: You read items or engraved 3 times. You never genocided any monsters. You never polymorphed an object. You never changed form. You never touched an artifact. You used no wishes. You never scared an enemy with impunity. You were celibate. You never generated conflict. Achievements: You entered a shop. You entered the Gnomish Mines. You attained the rank of Skirmisher. You entered a temple. Dungeon overview: The Dungeons of Doom: levels 1 to 5 Level 1: A tree. Level 2: A potion shop, a sink. Stairs down to The Gnomish Mines. Level 3: A scroll shop. Level 4: A general store, a sink, a tree. Level 5: The Gnomish Mines: levels 3 to 7 Level 3: Level 4: Level 5: Many shops, a temple to Tyr, some fountains. Level 6: Level 7: <- You were here. Final resting place for you, killed by a large cat called Mewmew, Catomat-Wiz-Hum-Fem-Neu, killed by a bolt of cold played by an Uruk-hai. Game over: __________ / \ / REST \ / IN \ / PEACE \ / \ | nihil | | 477 Au | | killed by a | | large cat called | | Mewmew | | | | 2024 | *| * * * | * _________)/\\_//(\/(/\)/\//\/|_)_______ Farvel nihil the Valkyrie... You died in The Gnomish Mines on dungeon level 7 with 1422 points, and 477 pieces of gold, after 2844 moves. You were level 5 with a maximum of 56 hit points when you died.